 Dungeon Crawl Stone Soup version 0.18-a0-1266-g3be6530 (webtiles) character file.

1714 Herrn the Chopper (level 9, -3/64 HPs)
             Began as a Naga Fighter on Feb 6, 2016.
             Was a Believer of Okawaru.
             Slain by an orc warrior
             ... wielding a +2 hand axe of chopping
              (4 damage)
             ... on level 7 of the Dungeon.
             The game lasted 00:12:37 (7190 turns).

Herrn the Chopper (Naga Fighter)                    Turns: 7190, Time: 00:12:37

Health: -3/64      AC: 10    Str: 21    XL:     9   Next: 4%
Magic:  9/9        EV:  8    Int:  8    God:    Okawaru [**....]
Gold:   375        SH:  7    Dex: 26    Spells: 0 memorised, 8 levels left

rFire  + . .     SeeInvis +     t - +3 spear "Sih Olue" {freeze, Dex+7}
rCold  . . .     Gourm    .     y - +0 chain mail
rNeg   . . .     Faith    .     z - +0 buckler of Kikubaaqudgha's Esteem {*Corrode rF+ Dex+5}
rPois  +         Spirit   .     (no helmet)
rElec  .         Dismiss  .     n - +0 cloak
rCorr  .         Reflect  .     (no gloves)
SustAt .         Harm     .     (no barding)
MR     +....     Rnd*Tele +     (no amulet)
Stlth  ..........               (no ring)
                                q - ring of flight

@: very slow, somewhat resistant to hostile enchantments, extremely unstealthy
A: claws 1, thin skeletal structure 1, see invisible, deformed body, frail 2,
poison resistance, slowness 2, slow metabolism 1, spit poison 2, teleportitis 1,
MP-powered wands, AC +3
a: Spit Poison, Heroism, Renounce Religion, Evoke Flight


You were on level 7 of the Dungeon.
You worshipped Okawaru.
Okawaru was pleased with you.
You were not hungry.

You visited 2 branches of the dungeon, and saw 8 of its levels.

You collected 375 gold pieces.

Inventory:

Hand Weapons
 a - a +0 war axe
 p - a +1 vampiric hand axe
 t - the +3 spear "Sih Olue" (weapon) {freeze, Dex+7}
   (You found it on level 4 of the Dungeon)

   It has been specially enchanted to freeze those struck by it, causing extra
   injury to most foes and up to half again as much damage against particularly
   susceptible opponents.
   It can also slow down cold-blooded creatures.
   It affects your dexterity (+7).
Armour
 b - a +0 scale mail
 c - a +0 shield
 n - a +0 cloak (worn)
 y - a +0 chain mail (worn)
 z - the +0 buckler of Kikubaaqudgha's Esteem (worn) {*Corrode rF+ Dex+5}
   (You found it on level 6 of the Dungeon)

   It affects your dexterity (+5).
   It protects you from fire.
   It may corrode your equipment when you take damage.
Jewellery
 q - a ring of flight (left claw)
 r - an uncursed amulet of dismissal
Scrolls
 d - a scroll of magic mapping
 e - 2 scrolls of blinking
 g - a scroll of identify
 h - 4 scrolls of recharging
 i - 2 scrolls of enchant weapon
 j - 2 scrolls of fear
 l - a scroll of amnesia
 v - a scroll of immolation {unknown}
 x - a scroll of teleportation {unknown}
Potions
 k - a potion of cancellation
 o - a potion of heal wounds
 s - 3 potions of curing
 w - a potion of lignification
 B - a potion of agility {unknown}
 C - 2 potions of brilliance {unknown}
Comestibles
 f - 3 bread rations
 m - 8 fruits
 A - 2 beef jerkies
 D - a meat ration


   Skills:
 + Level 5.0 Fighting
 * Level 5.8 Axes
 + Level 5.6 Armour
 + Level 3.3 Dodging
 + Level 4.6 Shields


You had 8 spell levels left.
You didn't know any spells.

Dungeon Overview and Level Annotations

Branches:
Dungeon (7/15)             Temple (1/1) D:4

Altars:
Ashenzari
Cheibriados
Elyvilon
Fedhas
Gozag
Kikubaaqudgha
Makhleb
Nemelex Xobeh
Okawaru
Pakellas
Ru
Sif Muna
Trog
Vehumet
Xom
Yredelemnul
Zin

Shops:
D:7 (

Annotations:
D:4 Psiweapon's ghost, novice KoHu


Innate Abilities, Weirdness & Mutations

You cannot wear boots.
Your serpentine skin is tough (AC +3).
You have supernaturally acute eyesight.
Armour fits poorly on your strangely shaped body.
Your system is resistant to poisons.
You cover ground very slowly.
You have a slow metabolism.
You can spit poison.
You have sharp fingernails.
You have a somewhat thin skeletal structure (Dex +2, Stealth).
You are very frail (-20% HP).
You are occasionally teleported next to monsters.
You expend magic power (3 MP) to strengthen your wands.


Message History

The orc warrior is moderately wounded.
You block the orc warrior's attack.
You hit the orc warrior. You freeze the orc warrior.
The orc warrior is moderately wounded.
You have got your breath back.
The orc warrior hits you with a hand axe of chopping!
* * * LOW HITPOINT WARNING * * *
x2 You hit the orc warrior.
You freeze the orc warrior.
The orc warrior is heavily wounded.
You block the orc warrior's attack.
You hit the orc warrior but do no damage.
The orc warrior is heavily wounded.
The orc wizard gestures wildly while chanting.
The orc wizard flickers and vanishes for a moment.
The orc warrior completely misses you.
You closely miss the orc warrior.
The orc warrior is heavily wounded.
The orc wizard looks braver for a moment.
The orc warrior hits you with a hand axe of chopping.
You die...

. #### #.###. #
.## ..... ##.#..#
#. ..# .....
#...... #.
#.#......
.#.#.#..
#.##.#..)...
........
#...oo......
#.##..† #o#
#.##.#. #o#
#(..... #@###
####.##
#.).###########.#
#......##.....#.#
#.#.##.#.†###...#
#.#.......# #...#
#.####.#..###...#
#.####.#........#
#......#.#####.##
########.#####.#


You could see an orc warrior, an orc priest, an orc wizard (invisible) and an
orc.

Vanquished Creatures
  Pikel (D:6)
  Sigmund (D:2)
  An orc warrior (D:7)
  A sky beast (D:6)
  An ogre (D:6)
  A giant frog (D:7)
  A scorpion (D:3)
  A giant frog zombie (D:5)
  3 crimson imps (D:6)
  A centaur zombie (D:5)
  A hound (D:5)
  An orc priest (D:5)
  Crazy Yiuf (D:2)
  3 orc wizards (D:6)
  Jessica (D:3)
  A centaur skeleton (D:4)
  Natasha (thrice) (D:2)
  4 worker ants
  A gnoll (D:1)
  8 adders
  A shadow imp (D:5)
  2 oozes (D:2)
  3 worms
  4 giant geckos
  14 orcs
  3 ball pythons
  10 bats
  7 giant cockroaches
  3 goblins
  11 hobgoblins
  4 jackals (D:3)
  6 quokkas
  4 giant newts
  A jackal skeleton (D:7)
  6 kobolds
  9 rats
  3 rat zombies (D:2)
127 creatures vanquished.

Vanquished Creatures (others)
  A centaur (D:6)
  A hound zombie (D:6)
  An adder (D:6)
  2 orcs (D:6)
  A quokka (D:6)
6 creatures vanquished.

Grand Total: 133 creatures vanquished

Notes
Turn   | Place    | Note
--------------------------------------------------------------
     0 | D:1      | Herrn the Naga Fighter began the quest for the Orb.
     0 | D:1      | Reached XP level 1. HP: 21/21 MP: 1/1
   210 | D:1      | Reached XP level 2. HP: 20/28 MP: 2/2
   690 | D:1      | Reached XP level 3. HP: 3/34 MP: 3/3
  1398 | D:2      | Noticed Sigmund
  1411 | D:2      | Reached XP level 4. HP: 42/42 MP: 4/4
  1480 | D:2      | Killed Sigmund
  1480 | D:2      | Reached skill level 1 in Dodging
  1480 | D:2      | Reached XP level 5. HP: 37/49 MP: 5/5
  1621 | D:2      | Reached XP level 6. HP: 57/57 MP: 6/6
  1666 | D:2      | Found an ancient bone altar of Kikubaaqudgha.
  1738 | D:2      | Noticed Natasha
  1750 | D:2      | Killed Natasha
  1922 | D:2      | Noticed Natasha
  1930 | D:2      | Killed Natasha
  1956 | D:2      | Noticed Natasha
  1963 | D:2      | Killed Natasha
  2187 | D:2      | Noticed Crazy Yiuf
  2199 | D:2      | Killed Crazy Yiuf
  2382 | D:3      | Reached skill level 4 in Axes
  2714 | D:3      | Reached XP level 7. HP: 64/64 MP: 7/7
  2806 | D:3      | Noticed Jessica
  2809 | D:3      | Killed Jessica
  3214 | D:4      | Got a shimmering spear
  3215 | D:4      | Identified the +3 spear "Sih Olue" {freeze, Dex+7} (You found it on level 4 of the Dungeon)
  3405 | D:4      | Found a staircase to the Ecumenical Temple.
  3458 | Temple   | Entered the Ecumenical Temple
  3508 | Temple   | Became a worshipper of Warmaster Okawaru
  3611 | D:4      | Found a bloodstained altar of Trog.
  3836 | D:4      | Noticed Psiweapon's ghost (novice KoHu)
  4720 | D:5      | Entered Level 5 of the Dungeon
  5093 | D:5      | Found a sacrificial altar of Ru.
  5297 | D:5      | Found a deep blue altar of Sif Muna.
  5502 | D:5      | HP: 3/66 [orc priest/divine providence (12)]
  6047 | D:6      | Noticed Pikel
  6070 | D:6      | Killed Pikel
  6070 | D:6      | Reached * piety under Okawaru
  6070 | D:6      | Reached skill level 5 in Axes
  6070 | D:6      | Reached XP level 8. HP: 53/73 MP: 8/8
  6199 | D:6      | Reached skill level 5 in Armour
  6365 | D:6      | Reached ** piety under Okawaru
  6461 | D:6      | Gained mutation: You are frail (-10% HP). [mutagenic meat]
  6462 | D:6      | Gained mutation: You have sharp fingernails. [mutagenic meat]
  6463 | D:6      | Gained mutation: You have a somewhat thin skeletal structure (Dex +2, Stealth). [mutagenic meat]
  6464 | D:6      | Gained mutation: You are occasionally teleported next to monsters. [mutagenic meat]
  6465 | D:6      | Gained mutation: You expend magic power (3 MP) to strengthen your wands. [mutagenic meat]
  6466 | D:6      | Gained mutation: You are very frail (-20% HP). [mutagenic meat]
  6629 | D:6      | Found a radiant altar of Vehumet.
  6735 | D:6      | Got a spiked buckler
  6746 | D:6      | Identified the +0 buckler of Kikubaaqudgha's Esteem {*Corrode rF+ Dex+5} (You found it on level 6 of the Dungeon)
  6862 | D:7      | Got a polished flail
  6863 | D:7      | Identified the cursed +0 flail of the Inferno {speed, +Blink +Fly rC- Int+5} (You found it on level 7 of the Dungeon)
  7000 | D:7      | Found a blossoming altar of Fedhas.
  7016 | D:7      | Found Toriff's Weapon Shop.
  7027 | D:7      | Reached skill level 5 in Fighting
  7027 | D:7      | Reached XP level 9. HP: 62/64 MP: 9/9
  7187 | D:7      | HP: 2/64 [orc warrior/hand axe of chopping (9)]
  7190 | D:7      | Slain by an orc warrior

Vault maps used:
D:1:      ncdulo_smallfort
D:2:      lemuel_zombie_altar_kikubaaqudgha, uniq_sigmund,
          uniq_crazy_yiuf_cottage, uniq_natasha
D:3:      first_bread, uniq_jessica
D:4:      nicolae_overflow_hidden_temple, minmay_temple_entry_nine_rooms,
          minmay_liquid_box
D:5:      nicolae_ru_sacrificial_ziggurat, kennysheep_mini_moat
D:6:      kennysheep_mini, uniq_pikel
D:7:      serial_shops, shop, fedhas_altar_decomposition
Temple:   triangle_lava_temple_11

Action                   |  1- 3 |  4- 6 |  7- 9 || total
-------------------------+-------+-------+-------++-------
Melee: War axe           |    94 |   146 |    40 ||   280
       Spear             |       |       |   279 ||   279
 Abil: Spit Poison       |     5 |    11 |     8 ||    24
  Use: Scroll            |       |       |     8 ||     8
       Potion            |       |       |     6 ||     6
  Eat: Chunk             |     1 |     4 |    14 ||    19
       Meat ration       |       |       |     1 ||     1
